 Dungeon Crawl Stone Soup version 0.31.0-12-g77e489cdc1 (webtiles) character file.

Game seed: 7090875750666124764

1365 hawla the Nimble (level 8, 0/71 HPs)
             Began as a Minotaur Fighter on Feb 19, 2024.
             Was a Believer of Yredelemnul.
             Slain by a yak (11 damage)
             ... on level 6 of the Dungeon.
             The game lasted 00:07:47 (3756 turns).

hawla the Nimble (Minotaur Fighter)                 Turns: 3756, Time: 00:07:48

Health: 0/71       AC:  8    Str: 22    XL:     8   Next: 38%
Magic:  7/7        EV: 12    Int:  5    God:    Yredelemnul [**....]
Gold:   311        SH:  5    Dex: 11    Spells: 7/7 levels left

rFire   . . .        g - +1 long sword (freeze)
rCold   . . .        c - +0 buckler
rNeg    . . .        b - +0 scale mail
rPois   +            h - +2 hat {Stlth+}
rElec   .            (no cloak)
rCorr   .            (no gloves)
SInv    .            (no boots)
Will    +....        (no amulet)
Stlth   +            a - ring of willpower
HPRegen 0.31/turn    p - ring of poison resistance
MPRegen 0.10/turn

%: no passive effects
@: no status effects
A: horns 2, retaliatory headbutt
a: Renounce Religion, Recall Undead Harvest, Dark Bargain


You were on level 6 of the Dungeon.
You worshipped Yredelemnul.
Yredelemnul was noncommittal.
You visited 2 branches of the dungeon, and saw 7 of its levels.

You collected 386 gold pieces.
You spent 75 gold pieces at shops.

Inventory:

Hand Weapons
 g - a +1 long sword of freezing (weapon)
 t - the +8 trident of the Octopus King {venom, rElec rPois}
   (You found it on level 5 of the Dungeon)

   rElec:     It insulates you from electricity.
   rPois:     It protects you from poison
Missiles
 y - 11 poisoned darts (quivered)
Armour
 b - a +0 scale mail (worn)
 c - a +0 buckler (worn)
 h - a +2 hat of stealth (worn)
Jewellery
 a - a ring of willpower (left hand)
 p - a ring of poison resistance (right hand)
Wands
 u - a wand of polymorph (7)
Scrolls
 e - 2 scrolls of enchant armour
 l - 2 scrolls of revelation
 m - 3 scrolls of vulnerability
 q - 2 scrolls of summoning
 s - 2 scrolls of fear {unknown}
 v - 2 scrolls of identify
 x - a scroll of teleportation {unknown}
Potions
 d - 2 potions of might
 f - a potion of heal wounds
 i - a potion of resistance {unknown}
 j - 3 potions of mutation {unknown}
 k - a potion of curing {unknown}
 n - 2 potions of attraction {unknown}
 o - a potion of brilliance {unknown}
 r - a potion of enlightenment {unknown}
 w - a potion of haste {unknown}


   Skills:
 + Level 6.7 Fighting
 - Level 2.4 Long Blades
 - Level 3.6 Armour
 - Level 8.0 Dodging
 - Level 5.0 Shields
 - Level 4.0 Evocations


You had 7 spell levels left.
You didn't know any spells.
Your spell library was empty.

Dungeon Overview and Level Annotations

Branches:
Dungeon (6/15)             Temple (1/1) D:5

Altars:
Cheibriados
Elyvilon
Fedhas
Gozag
Kikubaaqudgha
Makhleb
Nemelex Xobeh
Okawaru
Qazlal
Sif Muna
Trog
Vehumet
Xom
Yredelemnul
Zin
The Shining One

Shops:
D:2 *   D:3 *


Innate Abilities, Weirdness & Mutations

You have a pair of horns on your head.
You reflexively headbutt those who attack you in melee.


Message History

The yak gores your kobold brigand zombie!
Your kobold brigand zombie barely misses the yak.
Your iguana zombie bites the yak.
Your swamp drake zombie bites the yak but does no damage.
The yak gores you. The yak misses you. You furiously retaliate!
You headbutt the yak! The yak gores your iguana zombie!
You hit the yak. You freeze the yak.
The yak is severely wounded.
Your kobold brigand zombie hits the yak.
Your iguana zombie bites the yak.
You block the yak's attack. The yak gores your iguana zombie!
Your iguana zombie is destroyed!
The yak gores you but does no damage.
Your swamp drake zombie bites the yak.
You barely miss the yak. You headbutt the yak, but do no damage.
The yak is severely wounded.
Your kobold brigand zombie barely misses the yak.
The yak gores your kobold brigand zombie!
The yak gores you!
Your swamp drake zombie bites the yak.
Your kobold brigand zombie hits the yak but does no damage.
Unknown command.
You hit the yak. You freeze the yak.
The yak is severely wounded.
The yak snorts and paws the ground.
You block the yak's attack.
The yak gores your kobold brigand zombie.
You block the yak's attack.
Your swamp drake zombie closely misses the yak.
The yak gores you. x2; The yak gores you but does no damage.
The yak gores you!
Your kobold brigand zombie hits the yak but does no damage.
You are too injured to fight recklessly!
Unknown command.
You are too injured to fight recklessly!
Unknown command.
You closely miss the yak. You headbutt the yak, but do no damage.
The yak is severely wounded.
Your swamp drake zombie bites the yak.
The yak gores you!
* * * LOW HITPOINT WARNING * * *
The yak gores you!
You die...
Your body rises from the dead as a mindless zombie.

##.......# #...#######
#........# #...'......
####........###...#.###.#
.........................#
#####>.........<.....#.###
#.##..##.........+..##
#.##.......(#....#Z...
#...Z.............)...
##.ZZ@Y..##...####.###
#..YYY............###
#.........#..######...
##.....####.. #... ####..#
#%.. #... #... ##.. #...
... ####


You could see 4 yaks, a friendly yak zombie, a friendly swamp drake zombie and a
friendly kobold brigand zombie.

Vanquished Creatures
  A swamp drake (D:6)
  An ice beast (D:6)
  3 ogres
  A centaur (D:6)
  3 phantoms (D:5)
  A bullfrog (D:6)
  2 jellies (D:6)
  An orc priest (D:5)
  3 iguanas
  A sleepcap (D:5)
  A statue (D:3)
  3 adders
  A shadow imp (D:4)
  2 dart slugs
  3 ribbon worms
  7 orcs
  12 endoplasms
  2 giant cockroaches (D:1)
  6 hobgoblins
  2 jackals (D:4)
  11 kobolds
  6 quokkas
  10 ball pythons
  5 bats
  2 frilled lizards (D:3)
  6 goblins
  4 rats
100 creatures vanquished.

Vanquished Creatures (collateral kills)
  A yak (D:6)
  A kobold brigand (D:6)
  An iguana (D:6)
3 creatures vanquished.

Vanquished Creatures (others)
  A centaur zombie (D:6)
  An iguana zombie (D:6)
  2 jelly zombies (D:6)
  An adder zombie (D:6)
  2 kobolds (D:6)
  A kobold zombie (D:6)
8 creatures vanquished.

Grand Total: 111 creatures vanquished

Notes
Turn   | Place    | Note
-------+----------+-------------------------------------------
     0 | D:1      | hawla the Minotaur Fighter began the quest for the Orb.
     0 | D:1      | Reached XP level 1. HP: 19/19 MP: 0/0
    92 | D:1      | Reached XP level 2. HP: 26/26 MP: 1/1
   560 | D:1      | Found a faded altar of an unknown god.
   687 | D:2      | Reached skill level 5 in Shields
   687 | D:2      | Reached XP level 3. HP: 29/31 MP: 2/2
   689 | D:2      | Reached skill level 1 in Dodging
   716 | D:2      | Found Juunalog's Assorted Antiques.
   808 | D:2      | Reached skill level 2 in Dodging
   911 | D:2      | You fall into a shaft and drop 1 floor!
  1088 | D:2      | Reached XP level 4. HP: 39/39 MP: 3/3
  1134 | D:2      | Bought 2 sedimented green potions for 50 gold pieces
  1134 | D:2      | Bought a murky purple potion for 25 gold pieces
  1479 | D:3      | Reached skill level 3 in Dodging
  1514 | D:3      | Found Wiad's General Store.
  1612 | D:3      | Found a radiant altar of Vehumet.
  1612 | D:3      | Noticed a frost-covered statue
  1624 | D:3      | Killed a frost-covered statue
  1704 | D:3      | Found a white marble altar of Elyvilon.
  1704 | D:3      | Found a glowing silver altar of Zin.
  1704 | D:3      | Found a glowing golden altar of the Shining One.
  2016 | D:4      | Noticed an ogre
  2030 | D:4      | Killed an ogre
  2031 | D:4      | Reached skill level 4 in Dodging
  2031 | D:4      | Reached XP level 5. HP: 34/45 MP: 4/4
  2031 | D:4      | Noticed an ogre
  2035 | D:4      | Reached skill level 5 in Dodging
  2044 | D:4      | Killed an ogre
  2045 | D:4      | Reached XP level 6. HP: 28/51 MP: 5/5
  2201 | D:4      | Reached skill level 6 in Dodging
  2383 | D:4      | Found a snail-covered altar of Cheibriados.
  2457 | D:5      | Entered Level 5 of the Dungeon
  2557 | D:5      | Reached skill level 7 in Dodging
  2695 | D:5      | Found the +8 trident of the Octopus King {venom, rElec
                  | rPois}
  2729 | D:5      | Found an ancient bone altar of Kikubaaqudgha.
  2751 | D:5      | Found a staircase to the Ecumenical Temple.
  2763 | Temple   | Entered the Ecumenical Temple
  2773 | Temple   | Became a worshipper of Yredelemnul the Dark
  2873 | D:5      | Reached XP level 7. HP: 57/57 MP: 6/6
  2914 | D:5      | Reached skill level 8 in Dodging
  3366 | D:6      | Found an iron altar of Okawaru.
  3486 | D:6      | Noticed a steam dragon
  3498 | D:6      | a steam dragon changed into a swamp drake
  3502 | D:6      | Reached * piety under Yredelemnul
  3513 | D:6      | Reached XP level 8. HP: 21/66 MP: 7/7
  3685 | D:6      | Reached ** piety under Yredelemnul
  3687 | D:6      | Reached skill level 5 in Fighting
  3756 | D:6      | Slain by a yak

Illustrated notes

Levels and vault maps discovered:
D:1:      minmay_arrival_glassed_features, layout_basic, serial_forest,
          infiniplex_forest_clump_tiny, infiniplex_forest_straight_2,
          infiniplex_forest_corner_1, infiniplex_forest_lined_ring,
          infiniplex_forest_lined_2, infiniplex_forest_clump_small,
          dilly_ecumenical_altar_fadedgnrine, chequers_jeans
D:2:      layout_basic, serial_shops, nicolae_shop_hallway_plus
D:3:      minmay_diamond_boxcup, layout_basic, good_gods_mini_temple,
          vehumet_statue, serial_shops, shop
D:4:      layout_rooms, mainiacjoe_overflow_surrounded_room, grunt_ministairs_7,
          minivault_1
D:5:      layout_basic, mainiacjoe_overflow_concentric_impassable, temple_hall
D:6:      layout_basic, okawaru_gym_becter
Temple:   jpeg_temple_island

Skill      XL: |  1  2  3  4  5  6  7  8 |
---------------+-------------------------+-----
Shields        | 4 5 |  5.0
Dodging        | 2 4 5 7 8 |  8.0
Evocations     | 4 |  4.0
Fighting       | 4 6 |  6.7
Long Blades    | |  2.4
Armour         | |  3.6

Action                     |  1- 3 |  4- 6 |  7- 9 || total
---------------------------+-------+-------+-------++-------
  Melee: Long sword        |    99 |   125 |    78 ||   302
         Headbutt          |    18 |    18 |    14 ||    50
  Evoke: Wand              |       |       |     2 ||     2
    Use: Scroll            |     2 |     7 |       ||     9
         Potion            |       |       |     1 ||     1
 Armour: Scale mail        |    75 |    81 |    75 ||   231
  Dodge: Dodged            |    39 |    57 |    63 ||   159
  Block: Buckler           |    15 |    30 |    27 ||    72
